| TOP OF THE 1ST |
|
Kannapolis Intimidators batting - Pitching for Clinton LumberKings : RHP Kyle Ridgeway
|
|
Pitching: RHP Kyle Ridgeway
|
|
|
Batting: LHB John Thurman
|
0-0: Ground out U3 (Groundball, 34, EV 105.6 MPH)
|
|
Batting: RHB Mike Warzecha
|
0-0: Ball 1-0: Called Strike 1-1: Called Strike 1-2: Ball 2-2: Ground out 4-3 (Groundball, 34, EV 98.8 MPH)
|
|
Batting: LHB Dustin Taylor
|
0-0: Fly out, F4 (Popup, 34S, EV 75.0 MPH)
|
| Top of the 1st over - 0 runs, 0 hits, 0 errors, 0 left on base; Kannapolis 0 - Clinton 0 |
| BOTTOM OF THE 1ST |
|
Clinton LumberKings batting - Pitching for Kannapolis Intimidators : RHP Jose Montoya
|
|
Pitching: RHP Jose Montoya
|
|
|
Batting: RHB Kikuo Sato
|
0-0: Ball 1-0: Ball 2-0: Fly out, F9 (Flyball, 89D, EV 93.8 MPH)
|
|
Batting: RHB Rick Ellis
|
0-0: Foul Ball, location: 2F 0-1: Called Strike 0-2: Ball 1-2: Strikes out swinging
|
|
Batting: RHB Josh Ruhl
|
0-0: Swinging Strike 0-1: Called Strike 0-2: Ball 1-2: Foul Ball, location: 2F 1-2: Strikes out looking
|
| Bottom of the 1st over - 0 runs, 0 hits, 0 errors, 0 left on base; Kannapolis 0 - Clinton 0 |
| TOP OF THE 2ND |
|
Kannapolis Intimidators batting - Pitching for Clinton LumberKings : RHP Kyle Ridgeway
|
|
Batting: LHB Angel Tellez
|
0-0: Foul Ball, location: 2F 0-1: Called Strike 0-2: Strikes out swinging
|
|
Batting: RHB Jose Medina
|
0-0: DOUBLE (Line Drive, 9LM, EV 96.9 MPH)
|
|
Batting: LHB Alberto Carrasco
|
0-0: Ground out 6-3 (Groundball, 6, EV 83.1 MPH) Jose Medina to third
|
|
Batting: RHB Micah Brown
|
0-0: Ball 1-0: Ball 2-0: Called Strike 2-1: Ball 3-1: Base on Balls
|
|
Batting: RHB Benny O'Connor
|
0-0: Ball 1-0: Fly out, F4 (Line Drive, 4, EV 71.3 MPH)
|
| Top of the 2nd over - 0 runs, 1 hit, 0 errors, 2 left on base; Kannapolis 0 - Clinton 0 |
| BOTTOM OF THE 2ND |
|
Clinton LumberKings batting - Pitching for Kannapolis Intimidators : RHP Jose Montoya
|
|
Batting: LHB Jason Hopkins
|
0-0: Ball 1-0: SINGLE (Groundball, 56D, EV 105.6 MPH)
|
|
Batting: SHB Jose Castillo
|
0-0: Called Strike 0-1: Ball 1-1: Foul Ball, location: 2F 1-2: Ball 2-2: Foul Ball, location: 2F 2-2: Reached on error, E3 (Groundball, 34, EV 89.4 MPH) Jason Hopkins to second
|
|
Batting: RHB Salvador Avina
|
0-0: Fly out, F8 (Flyball, 8RM, EV 86.9 MPH)
|
|
Batting: RHB Josh O'Neal
|
0-0: Ball 1-0: Called Strike 1-1: Ball 2-1: Ball 3-1: Grounds into double play, 5-4-3 (Groundball, 56, EV 88.1 MPH)
|
| Bottom of the 2nd over - 0 runs, 1 hit, 1 error, 1 left on base; Kannapolis 0 - Clinton 0 |
| TOP OF THE 3RD |
|
Kannapolis Intimidators batting - Pitching for Clinton LumberKings : RHP Kyle Ridgeway
|
|
Batting: RHB Danny Longoria
|
0-0: Ball 1-0: Ball 2-0: Ball 3-0: Base on Balls
|
|
Batting: LHB John Thurman
|
0-0: Called Strike 0-1: Ball Danny Longoria steals 2nd base 1-1: Foul Ball, location: 2F 1-2: Strikes out looking
|
|
Batting: RHB Mike Warzecha
|
0-0: Ground out U3 (Groundball, 3, EV 85.6 MPH) Danny Longoria to third
|
|
Batting: LHB Dustin Taylor
|
0-0: Foul Ball, location: 2F 0-1: Foul Ball, location: 2F 0-2: Foul Ball, location: 2F 0-2: Ball 1-2: Foul Ball, location: 2F 1-2: Foul Ball, location: 2F 1-2: Ball 2-2: Foul Ball, location: 2F 2-2: Foul Ball, location: 2F 2-2: Ball 3-2: Base on Balls
|
|
Batting: LHB Angel Tellez
|
0-0: Ground out 4-3 (Groundball, 4, EV 96.3 MPH)
|
| Top of the 3rd over - 0 runs, 0 hits, 0 errors, 2 left on base; Kannapolis 0 - Clinton 0 |
| BOTTOM OF THE 3RD |
|
Clinton LumberKings batting - Pitching for Kannapolis Intimidators : RHP Jose Montoya
|
|
Batting: LHB Brian Butler
|
0-0: Called Strike 0-1: Ball 1-1: Fly out, F7 (Flyball, 7, EV 81.3 MPH)
|
|
Batting: SHB Victor Rijos
|
0-0: Swinging Strike 0-1: Ball 1-1: Ball 2-1: Ball 3-1: Called Strike 3-2: Strikes out looking
|
|
Batting: RHB Kikuo Sato
|
0-0: Called Strike 0-1: Foul Ball, location: 2F 0-2: Ground out 6-3 (Groundball, 6, EV 88.1 MPH)
|
| Bottom of the 3rd over - 0 runs, 0 hits, 0 errors, 0 left on base; Kannapolis 0 - Clinton 0 |
| TOP OF THE 4TH |
|
Kannapolis Intimidators batting - Pitching for Clinton LumberKings : RHP Kyle Ridgeway
|
|
Batting: RHB Jose Medina
|
0-0: Swinging Strike 0-1: Swinging Strike 0-2: Ball 1-2: Ground out 5-3 (Groundball, 56, EV 90.0 MPH)
|
|
Batting: LHB Alberto Carrasco
|
0-0: Called Strike 0-1: Ball 1-1: Ball 2-1: Ball 3-1: Ground out 6-3 (Groundball, 6M, EV 86.3 MPH)
|
|
Batting: RHB Micah Brown
|
0-0: Ball 1-0: Called Strike 1-1: Ball 2-1: Foul Ball, location: 2F 2-2: Foul Ball, location: 2F 2-2: SINGLE (Line Drive, 6MD, EV 94.4 MPH)
|
|
Batting: RHB Benny O'Connor
|
0-0: 2-RUN HOME RUN (Line Drive, 9LD, EV 93.8 MPH), Distance : 352 ft
|
|
Batting: RHB Danny Longoria
|
0-0: Called Strike 0-1: Swinging Strike 0-2: Ball 1-2: Foul Ball, location: 2F 1-2: Strikes out looking
|
| Top of the 4th over - 2 runs, 2 hits, 0 errors, 0 left on base; Kannapolis 2 - Clinton 0 |
| BOTTOM OF THE 4TH |
|
Clinton LumberKings batting - Pitching for Kannapolis Intimidators : RHP Jose Montoya
|
|
Batting: RHB Rick Ellis
|
0-0: Called Strike 0-1: Ball 1-1: Ground out 6-3 (Groundball, 6M, EV 100.0 MPH)
|
|
Batting: RHB Josh Ruhl
|
0-0: Called Strike 0-1: Ball 1-1: Ball 2-1: Ball 3-1: Foul Ball, location: 2F 3-2: Strikes out swinging
|
|
Batting: LHB Jason Hopkins
|
0-0: Ball 1-0: Ball 2-0: Foul Ball, location: 2F 2-1: Foul Ball, location: 2F 2-2: Ball 3-2: Ground out 4-3 (Groundball, 4S, EV 78.8 MPH)
|
| Bottom of the 4th over - 0 runs, 0 hits, 0 errors, 0 left on base; Kannapolis 2 - Clinton 0 |
| TOP OF THE 5TH |
|
Kannapolis Intimidators batting - Pitching for Clinton LumberKings : RHP Kyle Ridgeway
|
|
Batting: LHB John Thurman
|
0-0: Ball 1-0: Foul Ball, location: 2F 1-1: Ball 2-1: Fly out, F8 (Flyball, 8RS, EV 86.3 MPH)
|
|
Batting: RHB Mike Warzecha
|
0-0: Called Strike 0-1: Ball 1-1: Ball 2-1: Foul Ball, location: 2F 2-2: Ground out 6-3 (Groundball, 6, EV 86.9 MPH)
|
|
Batting: LHB Dustin Taylor
|
0-0: Ball 1-0: Ball 2-0: Ball 3-0: Called Strike 3-1: Base on Balls
|
|
Batting: LHB Angel Tellez
|
0-0: Ball 1-0: Ground out 4-3 (Groundball, 4S, EV 66.9 MPH)
|
| Top of the 5th over - 0 runs, 0 hits, 0 errors, 1 left on base; Kannapolis 2 - Clinton 0 |
| BOTTOM OF THE 5TH |
|
Clinton LumberKings batting - Pitching for Kannapolis Intimidators : RHP Jose Montoya
|
|
Batting: SHB Jose Castillo
|
0-0: Ball 1-0: Foul Ball, location: 2F 1-1: Ball 2-1: Swinging Strike 2-2: Strikes out looking
|
|
Batting: RHB Salvador Avina
|
0-0: Ground out 5-3 (Groundball, 5S, EV 86.9 MPH)
|
|
Batting: RHB Josh O'Neal
|
0-0: Foul Ball, location: 2F 0-1: Foul Ball, location: 2F 0-2: Strikes out looking
|
| Bottom of the 5th over - 0 runs, 0 hits, 0 errors, 0 left on base; Kannapolis 2 - Clinton 0 |
| TOP OF THE 6TH |
|
Kannapolis Intimidators batting - Pitching for Clinton LumberKings : RHP Kyle Ridgeway
|
|
Batting: RHB Jose Medina
|
0-0: Foul Ball, location: 2F 0-1: Ball 1-1: Foul Ball, location: 2F 1-2: Foul Ball, location: 2F 1-2: Ball 2-2: Foul Ball, location: 2F 2-2: Strikes out swinging
|
|
Pitching: LHP Rentaro Minami
|
|
|
Batting: LHB Alberto Carrasco
|
0-0: Ball 1-0: Ball 2-0: Swinging Strike 2-1: Ball 3-1: Foul Ball, location: 2F 3-2: Fly out, F8 (Line Drive, 8LD, EV 103.8 MPH)
|
|
Batting: RHB Micah Brown
|
0-0: SINGLE (Groundball, 6MD, EV 103.1 MPH)
|
|
Batting: RHB Benny O'Connor
|
0-0: Ground out U3 (Groundball, 34, EV 103.8 MPH)
|
| Top of the 6th over - 0 runs, 1 hit, 0 errors, 1 left on base; Kannapolis 2 - Clinton 0 |
| BOTTOM OF THE 6TH |
|
Clinton LumberKings batting - Pitching for Kannapolis Intimidators : RHP Jose Montoya
|
|
Batting: LHB Brian Butler
|
0-0: Called Strike 0-1: Ball 1-1: Foul Ball, location: 2F 1-2: Ball 2-2: Foul Ball, location: 2F 2-2: Ball 3-2: Foul Ball, location: 2F 3-2: Ground out 6-3 (Groundball, 6, EV 85.6 MPH)
|
|
Batting: SHB Victor Rijos
|
0-0: Ball 1-0: Ball 2-0: SINGLE (Line Drive, 5D, EV 101.3 MPH)
|
|
Batting: RHB Kikuo Sato
|
0-0: SINGLE (Groundball, 56D, EV 101.9 MPH) Victor Rijos to second
|
|
Batting: RHB Rick Ellis
|
0-0: Foul Ball, location: 2F 0-1: Called Strike 0-2: Strikes out swinging
|
|
Batting: RHB Josh Ruhl
|
0-0: Ball 1-0: Ball 2-0: 3-RUN HOME RUN (Line Drive, 7D, EV 96.9 MPH), Distance : 395 ft
|
|
Batting: LHB Jason Hopkins
|
0-0: Ball 1-0: Ball 2-0: Ball 3-0: Called Strike 3-1: Foul Ball, location: 2F 3-2: Base on Balls
|
|
Batting: SHB Jose Castillo
|
0-0: DOUBLE (Flyball, 9LD, EV 103.8 MPH) Jason Hopkins to third Runner from 3rd tries for Home, SAFE, throw by RF to home
|
|
Batting: RHB Salvador Avina
|
0-0: Ball 1-0: Foul Ball, location: 2F 1-1: Swinging Strike 1-2: Ball 2-2: Ground out U3 (Groundball, 34S, EV 87.5 MPH)
|
| Bottom of the 6th over - 4 runs, 4 hits, 0 errors, 1 left on base; Kannapolis 2 - Clinton 4 |
| TOP OF THE 7TH |
|
Kannapolis Intimidators batting - Pitching for Clinton LumberKings : LHP Rentaro Minami
|
|
Pitching: RHP Mike Bator
|
|
|
Batting: RHB Danny Longoria
|
0-0: Ball 1-0: Ball 2-0: Called Strike 2-1: Ball 3-1: Swinging Strike 3-2: Base on Balls
|
|
Batting: LHB John Thurman
|
0-0: Ball 1-0: Ball 2-0: Called Strike 2-1: Called Strike 2-2: Ball 3-2: Base on Balls Danny Longoria to second
|
|
Batting: RHB Mike Warzecha
|
0-0: Bunted foul 0-1: Ball 1-1: Bunt - Flyout to 15S! F1
|
|
Batting: LHB Dustin Taylor
|
0-0: Called Strike 0-1: Foul Ball, location: 2F 0-2: SINGLE (Line Drive, 7LS, EV 95.6 MPH) Danny Longoria to third John Thurman to second Runner from 3rd tries for Home, SAFE, throw by LF to home
|
|
Batting: LHB Angel Tellez
|
0-0: Called Strike 0-1: Called Strike 0-2: Ball 1-2: Ball 2-2: Fly out, F8 (Flyball, 78XD, EV 93.1 MPH) Runner from 2nd tags up, SAFE at 3rd, no throw by CF
|
|
Batting: RHB Jose Medina
|
0-0: Called Strike 0-1: Fly out, F9 (Flyball, 9, EV 83.8 MPH)
|
| Top of the 7th over - 1 run, 1 hit, 0 errors, 2 left on base; Kannapolis 3 - Clinton 4 |
| BOTTOM OF THE 7TH |
|
Clinton LumberKings batting - Pitching for Kannapolis Intimidators : RHP Jose Montoya
|
|
Batting: RHB Josh O'Neal
|
0-0: Ball 1-0: Foul Ball, location: 2F 1-1: Ball 2-1: Swinging Strike 2-2: Strikes out looking
|
|
Pitching: LHP Nick Egner
|
|
|
Batting: LHB Brian Butler
|
0-0: Swinging Strike 0-1: Foul Ball, location: 2F 0-2: Ball 1-2: Foul Ball, location: 2F 1-2: Ball 2-2: Ground out 4-3 (Groundball, 4, EV 85.0 MPH)
|
|
Pitching: LHP Donald Brannon
|
|
|
Batting: SHB Victor Rijos
|
0-0: Ball 1-0: Ball 2-0: Swinging Strike 2-1: Foul Ball, location: 2F 2-2: Strikes out looking
|
| Bottom of the 7th over - 0 runs, 0 hits, 0 errors, 0 left on base; Kannapolis 3 - Clinton 4 |
| TOP OF THE 8TH |
|
Kannapolis Intimidators batting - Pitching for Clinton LumberKings : RHP Mike Bator
|
|
Pitching: LHP Justin Neikirk
|
|
|
Batting: LHB Alberto Carrasco
|
0-0: Ball 1-0: Called Strike 1-1: Ball 2-1: Foul Ball, location: 2F 2-2: Ball 3-2: Foul Ball, location: 2F 3-2: Strikes out swinging
|
|
Batting: RHB Micah Brown
|
0-0: Ball 1-0: Ball 2-0: Called Strike 2-1: Foul Ball, location: 2F 2-2: Strikes out swinging
|
|
Batting: RHB Benny O'Connor
|
0-0: Called Strike 0-1: Ball 1-1: Foul Ball, location: 2F 1-2: Ball 2-2: Ball 3-2: Base on Balls
|
|
Batting: RHB Danny Longoria
|
0-0: Foul Ball, location: 2F 0-1: Called Strike 0-2: Ball 1-2: Foul Ball, location: 2F 1-2: Ball 2-2: Fielders Choice at 2nd, 6-4 (Groundball, 6, EV 80.0 MPH)
|
| Top of the 8th over - 0 runs, 0 hits, 0 errors, 1 left on base; Kannapolis 3 - Clinton 4 |
| BOTTOM OF THE 8TH |
|
Clinton LumberKings batting - Pitching for Kannapolis Intimidators : LHP Donald Brannon
|
|
Batting: RHB Kikuo Sato
|
0-0: Ball 1-0: Ground out 4-3 (Groundball, 4S, EV 90.0 MPH)
|
|
Batting: RHB Rick Ellis
|
0-0: Ball 1-0: Swinging Strike 1-1: Foul Ball, location: 2F 1-2: Ball 2-2: Strikes out swinging, 2-3 out at first.
|
|
Batting: RHB Josh Ruhl
|
0-0: Foul Ball, location: 2F 0-1: SINGLE (Groundball, 5D, EV 106.9 MPH)
|
|
Batting: LHB Jason Hopkins
|
0-0: Ball 1-0: Ball 2-0: Foul Ball, location: 2F 2-1: Swinging Strike 2-2: Strikes out swinging
|
| Bottom of the 8th over - 0 runs, 1 hit, 0 errors, 1 left on base; Kannapolis 3 - Clinton 4 |
| TOP OF THE 9TH |
|
Kannapolis Intimidators batting - Pitching for Clinton LumberKings : LHP Justin Neikirk
|
|
Pitching: RHP David Lane
|
|
|
Now at 1B: Josh Mauer
|
|
|
Now at 2B: Rick Ellis
|
|
|
Now at SS: Brian Butler
|
|
|
Batting: LHB John Thurman
|
0-0: Ground out 6-3 (Groundball, 6D, EV 101.9 MPH)
|
|
Batting: RHB Mike Warzecha
|
0-0: Fly out, F5 (Popup, 5F, EV 57.5 MPH)
|
|
Batting: LHB Dustin Taylor
|
0-0: Swinging Strike 0-1: Swinging Strike 0-2: Ball 1-2: Ball 2-2: Ball 3-2: Strikes out swinging
|
| Top of the 9th over - 0 runs, 0 hits, 0 errors, 0 left on base; Kannapolis 3 - Clinton 4 |
|